Map: King's Cove LE

Players

Kel

  • Race: Zerg Zerg
  • Spawn Location: 11:00

Creed - Winner!

  • Race: Terran Terran
  • Spawn Location: 5:00

Event: 2019 WCS Spring

VOD

Have the link to the VOD?

Description

Time

  • Played on: May 17, 2019, 9:39 a.m.
  • Length: 11:39

All games in this series

Show
View Real Time Build Order
Export as new Build Order

Kel Zerg 

Build Orders: Hatch First, Roach Nydus 

Get SALT Encoding   

  12  0:01  Drone  
  13  0:13  Overlord  
  13  0:20  Drone  
  14  0:33  Drone x2  
  16  0:37  Drone  
  17  0:55  Hatchery  
  16  0:59  Drone  
  16  1:01  Drone  
  18  1:05  Extractor  
  17  1:16  Spawning Pool  
  16  1:20  Drone  
  17  1:25  Drone  
  17  1:30  Drone  
  19  1:41  Overlord  
  19  2:05  Queen  
  19  2:06  Metabolic Boost, Zergling x2  
  22  2:08  Queen  
  22  2:10  Zergling x2  
  22  2:14  Drone  
  26  2:18  Drone  
  26  2:20  Drone  
  28  2:26  Drone  
  29  2:41  Drone x2  
  31  2:46  Queen  
  31  2:50  Lair  
  33  2:53  Extractor  
  32  2:59  Drone  
  32  3:00  Drone x3  
  36  3:15  Extractor  
  36  3:24  Overlord  
  36  3:27  Extractor  
  36  3:29  Extractor, Queen  
  36  3:34  Roach Warren  
  37  3:37  Overlord  
  37  3:54  Overlord  
  37  3:55  Nydus Network  
  35  4:07  Queen  
  35  4:09  Queen  
  39  4:13  Roach x4  
  39  4:16  Roach  
  49  4:22  Overseer  
  49  4:27  Roach x2  
  53  4:35  Nydus Canal  
  53  4:48  Nydus Canal  
  53  4:51  Roach x2, Overlord  
  55  5:11  Roach x4  
  55  5:13  Overlord, Nydus Canal  
  59  5:26  Overseer  
  59  5:29  Overlord  
  59  5:31  Queen  
  59  5:50  Roach x3  
  59  5:51  Roach x3  
  71  6:08  Nydus Canal  
  68  6:18  Roach x2  
  68  6:19  Nydus Canal  
  62  6:30  Roach  
  62  6:31  Roach x3, Queen  
  62  6:40  Nydus Canal  
  62  6:45  Zergling x8  
  66  7:01  Roach  
  66  7:02  Roach  
  70  7:12  Roach  
  70  7:13  Roach x2  
  76  7:17  Overlord x2  
  76  7:20  Glial Reconstitution  
  71  7:38  Roach x2  
  71  7:39  Roach x2  
  68  7:49  Roach  
  68  7:50  Roach  
  56  7:52  Roach  
  52  8:02  Roach x2  
  52  8:03  Queen  
  58  8:22  Roach x4  
  64  8:28  Extractor  
  63  8:34  Nydus Canal  
  63  8:35  Roach  
  63  8:41  Roach  
  67  8:45  Drone x4  
  51  8:59  Roach x2  
  53  9:08  Roach x5  
  49  9:17  Extractor  
  49  9:22  Roach x3  
  54  9:24  Roach  
  57  9:34  Roach x2  
  61  9:44  Nydus Canal  
  61  9:51  Roach x3  
  67  10:08  Roach x3  
  71  10:20  Ravager  
  74  10:21  Ravager x2  
  74  10:24  Drone x3  
  74  10:28  Hatchery  
  76  10:39  Overseer  
  76  10:42  Drone x3  
  79  10:43  Overlord  
  79  10:47  Ravager x2  
  81  10:58  Roach  
  81  10:59  Overlord x2  
Show
View Real Time Build Order
Export as new Build Order

Creed Terran - Winner!

Build Orders: Liberator Opening, Reaper Expand 

Get SALT Encoding   

  12  0:00  SCV  
  13  0:12  SCV  
  14  0:17  Supply Depot  
  14  0:24  SCV  
  15  0:39  SCV, Barracks  
  16  0:44  Refinery  
  16  0:51  SCV  
  17  1:03  SCV  
  18  1:15  SCV  
  19  1:28  Reaper  
  19  1:29  Orbital Command  
  20  1:45  Command Center  
  20  1:54  SCV  
  20  2:00  Marine  
  22  2:04  Supply Depot  
  22  2:06  SCV  
  23  2:12  Factory  
  23  2:23  Refinery, Barracks Reactor  
  23  2:25  SCV  
  24  2:37  SCV  
  25  2:50  SCV  
  26  2:57  Starport, Orbital Command  
  26  3:04  SCV  
  27  3:08  Hellion x2, Barracks Tech Lab  
  31  3:16  SCV  
  31  3:23  SCV  
  31  3:26  Supply Depot  
  32  3:29  Hellion x2  
  32  3:32  Viking  
  38  3:36  SCV x2  
  38  3:41  Stimpack  
  40  3:45  Liberator  
  40  3:48  SCV x2  
  40  3:49  Supply Depot  
  40  3:54  Hellion  
  46  3:56  Hellion  
  46  4:03  SCV x2  
  51  4:12  Marine  
  52  4:17  Supply Depot  
  52  4:18  SCV x2  
  54  4:24  Barracks  
  54  4:27  Barracks  
  54  4:29  Factory Tech Lab  
  54  4:31  Marine  
  55  4:32  SCV x2  
  57  4:48  Marine  
  57  4:50  Siege Tank  
  61  4:58  SCV  
  61  4:59  SCV  
  63  5:03  Medivac  
  58  5:14  Marine x2  
  58  5:15  Marine x2  
  58  5:16  Orbital Command  
  59  5:22  Siege Tank  
  59  5:27  SCV  
  63  5:38  Marine x2  
  63  5:39  Marine x2  
  67  5:48  Supply Depot  
  67  5:50  Supply Depot  
  67  5:53  Supply Depot  
  67  6:02  Orbital Command  
  67  6:11  Marine x3  
  65  6:15  Marine  
  55  6:27  Siege Tank  
  55  6:29  Marine x3  
  55  6:30  Medivac  
  58  6:33  Marine  
  58  6:37  Orbital Command  
  57  6:42  Engineering Bay  
  57  6:44  Engineering Bay, Command Center  
  57  6:46  Combat Shield  
  57  6:47  Marine x2  
  57  6:50  Marine  
  57  6:51  Marine  
  57  6:53  SCV  
  61  7:02  Medivac  
  61  7:04  Marine  
  64  7:09  Siege Tank  
  60  7:24  Marine x4  
  64  7:41  Siege Tank  
  64  7:42  Marine x3  
  67  7:49  Marine  
  57  8:00  Marine x3  
  60  8:10  Refinery  
  60  8:18  Marine x2  
  58  8:23  Marine x2  
  56  8:32  Medivac  
  58  8:36  Marine x2  
  58  8:40  Marine  
  58  8:41  Marine  
  58  8:54  Marine  
  56  8:57  Marine  
  56  8:58  Marine  
  56  9:00  Marine  
  46  9:10  Orbital Command  
  46  9:12  Marine  
  46  9:15  Marine  
  46  9:16  Marine  
  49  9:18  Marine  
  49  9:22  Siege Tank  
  49  9:23  Terran Infantry Weapons Level 1  
  53  9:30  Marine  
  54  9:33  Marine  
  54  9:34  Marine  
  54  9:35  SCV x2  
  54  9:36  Marine  
  59  9:48  Marine  
  59  9:51  Marine  
  62  9:54  Starport Reactor  
  61  10:00  Barracks Reactor  
  61  10:03  Bunker  
  61  10:08  Siege Tank  
  61  10:09  Marine x2  
  61  10:13  Marine  
  66  10:19  Supply Depot  
  66  10:28  Marine x2  
  68  10:29  SCV x2, Supply Depot  
  68  10:32  Supply Depot  
  68  10:34  Refinery  
  70  10:40  Marine  
  70  10:41  SCV  
  72  10:44  Siege Tank, Marine x2  
  72  10:45  Marine  
  72  10:47  Supply Depot  
  78  10:51  SCV  
  78  10:53  SCV  
  80  11:10  Command Center, Supply Depot  
Tags
 
Add a new tag
Caveats
  • Supply blocks, unpowered buildings, or Contaminate may cause inaccurate times.
  • Supply counts are checked every 10 seconds.